 Dungeon Crawl Stone Soup version 0.28-a0-991-g956f0ee3d5 (webtiles) character file.

Game seed: 839988576660294666

1410 KyoPewz the Magician (level 9, -4/65 HPs)
             Began as a Djinni Hedge Wizard on Dec 5, 2021.
             Killed from afar by an electric eel (10 damage)
             ... with a bolt of electricity
             ... on level 6 of the Dungeon.
             The game lasted 00:44:47 (8821 turns).

KyoPewz the Magician (Djinni Hedge Wizard)          Turns: 8821, Time: 00:44:48

Health: -4/65      AC:  4    Str:  9    XL:     9   Next: 1%
Gold:   349        EV: 12    Int: 20    God:
                   SH:  0    Dex: 13

rFire   + + .      SeeInvis .   N - +0 short sword (venom) {short}
rCold   . . .      Faith    .   (no shield)
rNeg    . . .      Spirit   .   b - +0 robe
rPois   ∞          Reflect  .   c - +0 hat
rElec   .          Harm     .   e - +0 cloak
rCorr   +          Rampage  .   A - +0 pair of gloves {hurl}
Will    .....                   (boots unavailable)
Stlth   ++........              (no amulet)
HPRegen 0.20/turn               n - ring of protection from cold
MPRegen 0.00/turn               u - ring of resist corrosion

@: flying
A: sickness immunity, fire resistance 2, cold vulnerability 1, float, innate
caster, hp casting, extra vitality 1
a: no special abilities


You were on level 6 of the Dungeon.
You visited 2 branches of the dungeon, and saw 7 of its levels.

You collected 349 gold pieces.


Innate Abilities, Weirdness & Mutations

You are immune to sickness and miasma.
You are immune to poison.
Your flesh is very heat resistant. (rF++)
You are vulnerable to cold. (rC-)
You float through the air rather than walking.
You learn spells naturally, not from books.
Your magical power is your life essence.
You have superior vitality. (+4 HP)


   Skills:
 + Level 5.2 Fighting
 + Level 2.8 Dodging
 - Level 2.0 Stealth
 + Level 7.1 Spellcasting


You had 2 spell levels left.
You knew the following spells:

 Your Spells              Type           Power      Damage    Failure   Level
a - Magic Dart            Conj           100%       1d8       1%          1
b - Blink                 Tloc           70%        N/A       1%          2
c - Call Imp              Summ           35%        N/A       1%          2
d - Slow                  Hex            100%       N/A       1%          1
e - Conjure Flame         Conj/Fire      35%        6-21      1%          3
f - Mephitic Cloud        Conj/Pois/Air  35%        N/A       1%          3
g - Animate Skeleton      Necr           70%        N/A       1%          1
h - Static Discharge      Conj/Air       35%        N/A       1%          2
i - Ensorcelled Hibernat  Hex/Ice        70%        N/A       1%          2
j - Swiftness             Air            35%        N/A       1%          3
Your spell library was empty.

Inventory:

Hand Weapons
 a - a +0 dagger {short}
 p - a +0 hunting sling {sling}
   (You took it off a goblin on level 2 of the Dungeon)
 H - a +1 dagger of draining {short}
   (You took it off an orc wizard on level 5 of the Dungeon)
 K - a +0 shortbow {bow}
   (You took it off a centaur on level 6 of the Dungeon)
 N - a +0 short sword of venom (weapon) {short}
   (You took it off an orc on level 6 of the Dungeon)
Missiles
 g - 110 arrows
 l - 76 stones {throwing}
 t - 5 poisoned darts {throwing}
 x - a boomerang {throwing}
 y - 19 bolts
 E - 45 sling bullets
Armour
 b - a +0 robe (worn)
 c - a +0 hat (worn)
 e - a +0 cloak (worn)
   (You found it on level 1 of the Dungeon)
 j - a +0 ring mail
   (You found it on level 1 of the Dungeon)
 o - a +0 chain mail
   (You found it on level 2 of the Dungeon)
 r - a +0 leather armour
   (You found it on level 3 of the Dungeon)
 w - a +0 leather armour of poison resistance
   (You took it off an orc on level 4 of the Dungeon)
 A - a +0 pair of gloves of hurling (worn)
   (You found it on level 4 of the Dungeon)
Jewellery
 n - a ring of protection from cold (left hand)
   (You found it on level 2 of the Dungeon)
 u - a ring of resist corrosion (right hand)
   (You took it off a kobold on level 4 of the Dungeon)
Wands
 s - a wand of polymorph (7)
   (You took it off Natasha on level 3 of the Dungeon)
 F - a wand of flame (27)
   (You found it on level 5 of the Dungeon)
 I - a wand of digging (5)
   (You found it on level 5 of the Dungeon)
 M - a wand of iceblast (8)
   (You found it on level 6 of the Dungeon)
Scrolls
 k - 3 scrolls of teleportation {unknown}
 m - 4 scrolls of identify {unknown}
 v - 2 scrolls of fear {unknown}
 z - 2 scrolls of blinking {unknown}
 C - a scroll of fog {unknown}
 D - a scroll of immolation {unknown}
 G - a scroll of noise {unknown}
 J - a scroll of silence {unknown}
Potions
 d - a potion of attraction {unknown}
 f - 4 potions of curing {@q1}
 h - a potion of mutation {unknown}
 i - 2 potions of lignification {unknown}
 q - a potion of heal wounds {unknown}
 B - a potion of cancellation {unknown}
 L - a potion of magic {unknown}

Dungeon Overview and Level Annotations

Branches:
Dungeon (6/15)             Temple (1/1) D:6

Altars:
Ashenzari
Cheibriados
Dithmenos
Elyvilon
Gozag
Kikubaaqudgha
Nemelex Xobeh
Okawaru
Qazlal
Ru
Trog
Vehumet
Yredelemnul
Zin

#......#)#.#####.#.#)#
....b.................
.........#.#.#.#.....#
####...####.#.#.###..## h..
..............#.###.... #..
.....####...#.......# #.##
...).#....#.######..#
#.##.##.#####<#.####.....##..#
#.##.##.....F@...####.##.##..#
#.##.#####...##......[)..)...#
#.##.# #.#.##.#####..##.#...
####.##.#####.#.##.#
#..##.#.##
#....##.....#.#....# #.≈≈≈≈≈.#
≈≈.≈.≈...S≈≈S≈S≈≈### #.≈###≈.#
≈≈≈≈≈≈≈≈≈≈≈≈≈≈≈≈≈# #..'_#≈.#
♣♣♣S.≈♣♣♣≈≈≈♣♣♣≈≈# ##≈###≈.#
♣≈≈≈♣ ♣≈.≈♣ ♣≈.# #≈≈≈≈≈.#


You could see a bullfrog and an electric eel.


Message History

Press: ? - help, Shift-Dir - straight line, f - killer bee zombie
Aim: a killer bee zombie (lightly damaged, 100% to hit)
The magic dart hits the killer bee zombie.
The killer bee zombie closely misses you.
The killer bee zombie misses you. 😕 HP[-1]
You take 1 damage, and now have 58/65 hp.
The magic dart hits the killer bee zombie.
The killer bee zombie completely misses you.
The killer bee zombie misses you. 😕 HP[-1]
You take 1 damage, and now have 57/65 hp.
The magic dart hits the killer bee zombie.
The killer bee zombie hits you but does no damage.
The killer bee zombie barely misses you. 😕 HP[-1]
You take 1 damage, and now have 56/65 hp.
The magic dart hits the killer bee zombie.
The killer bee zombie barely misses you.
The magic dart hits the killer bee zombie.
The killer bee zombie barely misses you. x2 😕 HP[-1]
You take 1 damage, and now have 55/65 hp.
The magic dart hits the killer bee zombie!
You destroy the killer bee zombie! 😕 HP[-1]
You take 1 damage, and now have 54/65 hp.
You now have 349 gold pieces (gained 15).
Found a stone staircase leading up. 😎 HP[+11]
Your hp is fully restored (65).
A bullfrog and an ufetubus come into view.
The magic dart hits the ufetubus. 😕 HP[-1]
You take 1 damage, and now have 64/65 hp.
The magic dart hits the ufetubus.
You kill the ufetubus! 😕 HP[-1]
You take 1 damage, and now have 63/65 hp.
The magic dart hits the bullfrog.
The bullfrog croaks.
An electric eel comes into view. 😕 HP[-1]
You take 1 damage, and now have 62/65 hp.
The magic dart hits the electric eel.
An electric eel comes into view. 😕 HP[-1]
You take 1 damage, and now have 61/65 hp.
The magic dart hits the electric eel.
The electric eel shoots out a bolt of lightning at you!
The bolt of electricity misses you. The bullfrog misses you.
The electric eel shoots out a bolt of lightning at you!
The bolt of electricity misses you.
The electric eel shoots out a bolt of lightning at you!
The bolt of electricity hits you! The bullfrog misses you. 😕 HP[-10]
You take 10 damage, and now have 51/65 hp.
The electric eel shoots out a bolt of lightning at you!
The bolt of electricity hits you! The bullfrog hits you. 😮 HP[-11]
You take 11 damage, and now have 40/65 hp.
The bullfrog closely misses you.
The bullfrog closely misses you. 😮 HP[+1]
The bullfrog barely misses you.
The bullfrog hits you but does no damage.
The bullfrog barely misses you. The bullfrog hits you. 😮 HP[-2]
You take 2 damage, and now have 39/65 hp.
The bullfrog closely misses you. 😮 HP[+1]
The bullfrog hits you.
The electric eel shoots out a bolt of lightning at you!
The bolt of electricity hits the bullfrog!
The bolt of electricity hits you!
* * * LOW HITPOINT WARNING * * *
The bolt of electricity hits you!
* * * LOW HITPOINT WARNING * * *
😱 HP[-29]
You take 29 damage, and now have 11/65 hp.
MASSIVE DAMAGE!! (PAUSE) Unknown command.
The bullfrog barely misses you.
Press: ? - help, v - describe, . - travel The floor.
The bullfrog hits you.
* * * LOW HITPOINT WARNING * * *
😱 HP[-3]
You take 3 damage, and now have 8/65 hp. 😱 HP[+1]
The bullfrog hits you.
* * * LOW HITPOINT WARNING * * *
😱 HP[-2]
You take 2 damage, and now have 7/65 hp.
It was a potion of curing.
You feel better. The bullfrog hits you!
* * * LOW HITPOINT WARNING * * *
The electric eel shoots out a bolt of lightning at you!
The bolt of electricity hits you!
You die...

Skill      XL: |  1  2  3  4  5  6  7  8 |
---------------+-------------------------+-----
Stealth        | 2 |  2.0
Spellcasting   | 3 5 6 7 |  7.1
Fighting       | 5 |  5.2
Dodging        | |  2.8

Action                   |  1- 3 |  4- 6 |  7- 9 || total
-------------------------+-------+-------+-------++-------
Melee: Dagger            |    57 |       |       ||    57
       Unarmed           |       |    11 |     4 ||    15
       Short sword       |       |       |     1 ||     1
 Cast: Magic Dart        |    59 |   100 |   193 ||   352
       Blink             |     1 |     1 |     1 ||     3
       Slow              |       |    15 |       ||    15
       Mephitic Cloud    |       |     9 |     9 ||    18
       Call Imp          |       |     4 |       ||     4
       Conjure Flame     |       |     2 |     6 ||     8
       Static Discharge  |       |       |     2 ||     2
       Ensorcelled Hiber |       |       |     1 ||     1
  Use: Potion            |       |       |     1 ||     1
 Stab: Sleeping          |     2 |       |       ||     2
Armor: Robe              |    14 |     1 |    10 ||    25
       Skin              |       |       |     1 ||     1
Dodge: Dodged            |    29 |    16 |    54 ||    99

Levels and vault maps discovered:
D:1:      onia_arrival_mini_maze_b, layout_rooms, ebering_ecumenical_altar_hall,
          grunt_decor_mini_mirrors, serial_park_tiny_1
D:2:      layout_loops_ring
D:3:      layout_loops_ring, mainiacjoe_overflow_tiny_flanked,
          ebering_ghost_sewer_f, uniq_sigmund, uniq_natasha
D:4:      layout_rooms
D:5:      layout_basic, mainiacjoe_overflow_surrounded_room,
          nicolae_overflow_hidden_temple, amcnicky_altar_gilded,
          uniq_blork_the_orc
D:6:      layout_basic, kennysheep_mini_moat, minmay_temple_entry_butterflies,
          kennysheep_boxes
Temple:   compressed_dpeg_triangle_lava_temple

Notes
Turn   | Place    | Note
-------+----------+-------------------------------------------
     0 | D:1      | KyoPewz the Djinni Hedge Wizard began the quest for the
                  | Orb.
     0 | D:1      | Reached XP level 1. HP: 15/15 MP: 0/0
     0 | D:1      | magus.rc [v1.9.6]
   185 | D:1      | Reached XP level 2. HP: 18/21 MP: 0/0
   188 | D:1      | Reached skill level 2 in Stealth
   712 | D:1      | Reached XP level 3. HP: 23/25 MP: 0/0
   712 | D:1      | Learned a level 1 spell: Animate Skeleton
   771 | D:1      | Reached skill level 3 in Spellcasting
   771 | D:1      | Found a faded altar of an unknown god.
  1919 | D:2      | Reached XP level 4. HP: 23/31 MP: 0/0
  2878 | D:3      | Found a bloodstained altar of Trog.
  3030 | D:3      | Found a runed translucent door.
  3304 | D:3      | Noticed Sigmund
  3333 | D:3      | Noticed Natasha
  3725 | D:3      | Killed Sigmund
  3726 | D:3      | Reached skill level 5 in Spellcasting
  3726 | D:3      | Reached XP level 5. HP: 17/35 MP: 0/0
  3726 | D:3      | Learned a level 2 spell: Static Discharge
  3726 | D:3      | Reached XP level 6. HP: 19/40 MP: 0/0
  3944 | D:3      | Killed Natasha
  3962 | D:3      | Noticed Natasha
  4200 | D:3      | Noticed Lavandula's ghost (weakling NaAM)
  4228 | D:3      | Killed Natasha
  4272 | D:3      | Noticed Natasha
  4512 | D:3      | Killed Natasha
  4669 | D:3      | Found a runed translucent door.
  4947 | D:3      | Killed Lavandula's ghost
  4953 | D:3      | Reached XP level 7. HP: 15/45 MP: 0/0
  4953 | D:3      | Learned a level 2 spell: Ensorcelled Hibernation
  5712 | D:4      | Reached skill level 6 in Spellcasting
  6220 | D:5      | Entered Level 5 of the Dungeon
  6256 | D:5      | Found an opulent altar of Gozag.
  6698 | D:5      | Reached XP level 8. HP: 36/50 MP: 0/0
  6878 | D:5      | Reached skill level 7 in Spellcasting
  6878 | D:5      | Reached skill level 1 in Fighting
  6916 | D:5      | Noticed Blork the orc
  6942 | D:5      | magus.rc [v1.9.6]
  6951 | D:5      | Reached skill level 2 in Fighting
  7034 | D:5      | Reached skill level 3 in Fighting
  7072 | D:5      | Killed Blork the orc
  7096 | D:5      | Reached skill level 4 in Fighting
  7429 | D:5      | Found a broken altar of Ashenzari.
  7992 | D:6      | Reached skill level 5 in Fighting
  8156 | D:6      | Found a staircase to the Ecumenical Temple.
  8163 | Temple   | Entered the Ecumenical Temple
  8498 | D:6      | Found a shadowy altar of Dithmenos.
  8627 | D:6      | Reached XP level 9. HP: 64/65 MP: 0/0
  8627 | D:6      | Learned a level 3 spell: Swiftness
  8815 | D:6      | HP: 11/65 [electric eel/bolt of electricity (13)]
  8820 | D:6      | HP: 7/65 [bullfrog (2)]
  8821 | D:6      | Killed from afar by an electric eel

Vanquished Creatures
  Sigmund (D:3)
  2 sky beasts (D:5)
  An ogre (D:5)
  A centaur (D:6)
  A phantom (D:5)
  Blork the orc (D:5)
  A wyvern zombie (D:5)
  A scorpion (D:3)
  A water moccasin zombie (D:5)
  The ghost of Lavandula the Bolt Thrower, a weakling NaAM (D:3)
  A howler monkey (D:4)
  A jelly (D:5)
  2 hounds
  3 iguanas
  3 orc wizards
  Natasha (thrice) (D:3)
  A killer bee zombie (D:6)
  5 adders
  A shadow imp (D:5)
  2 ufetubi (D:6)
  3 dart slugs
  A worm (D:5)
  16 orcs
  10 endoplasms
  3 giant cockroaches
  10 goblins
  10 hobgoblins
  10 kobolds
  2 quokkas
  5 ball pythons
  9 bats
  6 frilled lizards
  9 rats
127 creatures vanquished.

Table legend:
 A = Non-vault XP
 B = Vault XP
 C = Vault XP percentage of total XP
 D = Non-vault monster count
 E = Vault monster count
 F = Vault count percentage of total count
                 A         B        C        D         E       F
            +---------+---------+-------+---------+---------+-------
      Total |    1596 |     419 |  20.8 |     121 |       6 |   4.7
            +---------+---------+-------+---------+---------+-------
        D:1 |      54 |       0 |   0.0 |      30 |       0 |   0.0
        D:2 |      60 |       0 |   0.0 |      25 |       0 |   0.0
        D:3 |     176 |     323 |  64.7 |      15 |       5 |  25.0
        D:4 |     169 |       0 |   0.0 |      20 |       0 |   0.0
        D:5 |     886 |      96 |   9.8 |      20 |       1 |   4.8
        D:6 |     251 |       0 |   0.0 |      11 |       0 |   0.0
            +---------+---------+-------+---------+---------+-------

Illustrated notes

Table legend:
 A = Kills in this place as a percentage of kills in entire the game.
 B = Kills by you in this place as a percentage of kills by you in the entire game.
 C = Kills by friends in this place as a percentage of kills by friends in the entire game.
 D = Other kills in this place as a percentage of other kills in the entire game.
 E = Experience gained in this place as a percentage of experience gained in the entire game.
 F = Experience gained in this place divided by the number of levels of this place that you have seen.
                   A       B       C       D       E      F
               +-------+-------+-------+-------+-------+----------------------
         Total | 100.0 | 100.0 |   N/A | 100.0 | 100.0 | 287.9
       Dungeon | 100.0 | 100.0 |   N/A | 100.0 | 100.0 | 335.8
               +-------+-------+-------+-------+-------+----------------------

Table legend: (Time is in decaauts)
 A = Elapsed time spent in this place.
 B = Non-inter-level travel time spent in this place.
 C = Inter-level travel time spent in this place.
 D = Time resting spent in this place.
 E = Time spent auto-exploring this place.
 F = Levels seen in this place.
 G = Mean time per level.
                   A        B        C        D        E       F      G
               +--------+--------+--------+--------+--------+-----+--------+
         Total |   8806 |   8567 |    239 |   1419 |   5710 |   7 | 1258.0 |
       Dungeon |   8529 |   8304 |    225 |   1419 |   5456 |   6 | 1421.5 |
        Temple |    276 |    262 |     14 |      0 |    254 |   1 |  276.0 |
               +--------+--------+--------+--------+--------+-----+--------+

Top non-repeatable levels by time:
     D:3: 1988 daAuts
     D:1: 1748 daAuts
     D:5: 1741 daAuts
     D:2: 1584 daAuts
     D:4: 886 daAuts
     D:6: 581 daAuts
  Temple: 276 daAuts
